Match 39081400
Unlisted

Match 39081400
End
Construct Section Command Post
Vickers Machine Gun Team
Infantry Section
Infantry Section
Infantry Section
Grenade Package
Selects Indian Artillery Battlegroup
Selects Towed ML 4.2-inch Heavy Mortar
Construct Platoon Command Post
6-pounder Anti-tank Gun Team
Infantry Training
Selects Valour
Selects Towed ML 4.2-inch Heavy Mortar
Towed ML 4.2-inch Heavy Mortar
Selects Gurkha Rifles Section
Gurkha Rifles Section
Construct Company Command Post
Unlock M3 Grant Medium Tanks
Selects Off-map Airburst Barrage
Selects Off-map Airburst Barrage
Gurkha Rifles Section
CarefreeBaka
wilymstjohn
Microsoft Outlook
deadsadbadmad
0
0

Comments sign in to comment!

No comments posted yet!